General information
- name: BNet
- type: Ladder team game (AT/RT)
- host: Battle.net
- saver: bOuDiNaGe
map: GolemsInTheMist
- players: 8
- length: 20:24
- speed: Fast
- version: 1.24 W3XP
- replay type: Public
» download(150 KB)
Players
team 1 (winner)

»
Octave- (
yellow | 69 APM | 1414 actions | 20:23)
5 Keeper of the Grove
3 Entangling Roots
2 Thorns Aura
» actions
| Assign group hotkey | 24 | |
| Basic commands | 157 | |
| Build / train | 51 | |
| ESC pressed | 1 | |
| Enter build submenu | 16 | |
| Enter hero's abilities submenu | 5 | |
| Remove unit from queue | 1 | |
| Right click | 457 | |
| Select / deselect | 138 | |
| Select group hotkey | 518 | |
| Use ability | 46 | |
1414 total
» units
| Wisp | 10 | |
| Chimaera | 6 | |
| Hippogryph | 17 | |
33 total
» upgrades
| Strength of the Wild | 3 | |
| Reinforced Hides | 2 | |
| Corrosive Breath | 1 | |
6 total
» buildings
| Altar of Elders | 1 | |
| Moon Well | 7 | |
| Tree of Ages | 2 | |
| Hunter's Hall | 2 | |
| Tree of Eternity | 1 | |
| Ancient of Wind | 1 | |
| Ancient of Wonders | 1 | |
| Chimaera Roost | 2 | |
17 total
» build order
00:11 Altar of Elders
00:19 Moon Well
01:56 Tree of Ages
02:19 Hunter's Hall
02:24 Hunter's Hall
03:36 Moon Well
03:52 Moon Well
04:35 Tree of Eternity
04:39 Ancient of Wind
04:54 Moon Well
06:20 Ancient of Wonders
07:09 Chimaera Roost
07:12 Chimaera Roost
08:24 Moon Well
09:22 Moon Well
11:37 Moon Well
» items
bOuDiNaGe (
purple | 59 APM | 1198 actions | 20:24)
4 Blood Mage
2 Flame Strike
2 Siphon Mana
» actions
| Assign group hotkey | 106 | |
| Basic commands | 70 | |
| Build / train | 33 | |
| ESC pressed | 1 | |
| Enter build submenu | 14 | |
| Enter hero's abilities submenu | 4 | |
| Give item / drop item | 1 | |
| Remove unit from queue | 1 | |
| Right click | 542 | |
| Select / deselect | 218 | |
| Select group hotkey | 172 | |
| Use ability | 36 | |
1198 total
» units
| Peasant | 10 | |
| Footman | 6 | |
| Spell Breaker | 2 | |
18 total
» upgrades
» buildings
| Farm | 3 | |
| Altar of Kings | 1 | |
| Barracks | 1 | |
| Scout Tower | 3 | |
| Arcane Tower | 3 | |
| Keep | 4 | |
| Arcane Vault | 1 | |
| Arcane Sanctum | 1 | |
| Castle | 1 | |
| Blacksmith | 1 | |
| Lumber Mill | 1 | |
| Town Hall | 1 | |
21 total
» build order
00:06 Farm
00:26 Altar of Kings
00:42 Barracks
00:59 Scout Tower
01:49 Arcane Tower
01:58 Farm
02:03 Scout Tower
02:34 Arcane Tower
03:10 Farm
03:42 Keep
03:43 Keep
03:43 Keep
03:54 Arcane Vault
05:20 Scout Tower
05:52 Arcane Tower
06:08 Arcane Sanctum
06:21 Castle
06:36 Blacksmith
06:41 Lumber Mill
10:58 Town Hall

»
Th0rr (
green | 66 APM | 1356 actions | 20:23)
5 Demon Hunter
3 Mana Burn
2 Evasion
» actions
| Assign group hotkey | 22 | |
| Build / train | 50 | |
| Enter build submenu | 20 | |
| Enter hero's abilities submenu | 5 | |
| Remove unit from queue | 1 | |
| Right click | 502 | |
| Select / deselect | 251 | |
| Select group hotkey | 439 | |
| Use ability | 66 | |
1356 total
» units
| Wisp | 17 | |
| Huntress | 5 | |
| Chimaera | 5 | |
| Hippogryph | 6 | |
33 total
» upgrades
| Strength of the Wild | 3 | |
| Corrosive Breath | 1 | |
| Reinforced Hides | 2 | |
| Well Spring | 1 | |
| Ultravision | 1 | |
8 total
» buildings
| Altar of Elders | 1 | |
| Moon Well | 8 | |
| Ancient of War | 1 | |
| Hunter's Hall | 1 | |
| Tree of Ages | 1 | |
| Tree of Eternity | 1 | |
| Ancient of Wind | 2 | |
| Tree of Life | 1 | |
| Chimaera Roost | 3 | |
| Ancient of Wonders | 1 | |
20 total
» build order
00:08 Altar of Elders
00:11 Moon Well
01:06 Ancient of War
01:49 Hunter's Hall
02:04 Moon Well
03:02 Moon Well
03:56 Tree of Ages
05:35 Moon Well
06:26 Tree of Eternity
06:30 Ancient of Wind
06:50 Tree of Life
09:11 Chimaera Roost
09:16 Chimaera Roost
09:23 Chimaera Roost
10:55 Moon Well
11:00 Moon Well
11:46 Ancient of Wind
11:52 Ancient of Wonders
17:09 Moon Well
18:11 Moon Well
ITry.Just.Go]RT (
red | 95 APM | 1937 actions | 20:23)
4 Death Knight
2 Death Coil
2 Unholy Aura
4 Lich
2 Frost Nova
2 Frost Armor
» actions
| Assign group hotkey | 18 | |
| Basic commands | 13 | |
| Build / train | 50 | |
| Enter build submenu | 17 | |
| Enter hero's abilities submenu | 9 | |
| Give item / drop item | 2 | |
| Right click | 849 | |
| Select / deselect | 207 | |
| Select group hotkey | 707 | |
| Use ability | 65 | |
1937 total
» units
| Acolyte | 2 | |
| Ghoul | 13 | |
| Obsidian Statue | 5 | |
20 total
» upgrades
| Ghoul Frenzy | 1 | |
| Destroyer Form | 1 | |
| Creature Attack | 1 | |
| Creature Carapace | 1 | |
4 total
» buildings
| Crypt | 1 | |
| Altar of Darkness | 1 | |
| Ziggurat | 10 | |
| Tomb of Relics | 1 | |
| Graveyard | 1 | |
| Nerubian Tower | 1 | |
| Halls of the Dead | 2 | |
| Spirit Tower | 1 | |
| Black Citadel | 1 | |
| Slaughterhouse | 2 | |
| Necropolis | 1 | |
22 total
» build order
00:10 Crypt
00:15 Altar of Darkness
00:25 Ziggurat
00:47 Tomb of Relics
01:00 Graveyard
01:27 Ziggurat
01:57 Nerubian Tower
03:26 Halls of the Dead
03:26 Halls of the Dead
03:28 Ziggurat
05:16 Spirit Tower
06:23 Black Citadel
06:32 Ziggurat
06:35 Slaughterhouse
06:36 Slaughterhouse
08:50 Ziggurat
11:10 Ziggurat
15:38 Necropolis
17:33 Ziggurat
17:34 Ziggurat
18:55 Ziggurat
18:58 Ziggurat
» items
| Rod of Necromancy | 3 | |
| Orb of Corruption | 1 | |
| Scroll of Town Portal | 1 | |
5 total
team 2 (loser)
Loupens (
blue | 35 APM | 655 actions | 18:52)
3 Archmage
1 Summon Water Elemental
2 Brilliance Aura
» actions
| Assign group hotkey | 26 | |
| Basic commands | 3 | |
| Build / train | 25 | |
| Enter build submenu | 7 | |
| Enter hero's abilities submenu | 3 | |
| Give item / drop item | 1 | |
| Remove unit from queue | 2 | |
| Right click | 412 | |
| Select / deselect | 107 | |
| Select group hotkey | 35 | |
| Use ability | 34 | |
655 total
» units
» buildings
| Barracks | 1 | |
| Altar of Kings | 1 | |
| Farm | 1 | |
| Lumber Mill | 1 | |
| Town Hall | 2 | |
6 total
» build order
00:08 Barracks
00:10 Altar of Kings
00:26 Farm
01:00 Lumber Mill
15:10 Town Hall
17:51 Town Hall
» items
IEAISapientisat (
teal | 128 APM | 2551 actions | 19:54)
4 Tauren Chieftain
2 War Stomp
2 Endurance Aura
» actions
| Assign group hotkey | 120 | |
| Basic commands | 58 | |
| Build / train | 86 | |
| Enter build submenu | 32 | |
| Enter hero's abilities submenu | 5 | |
| Remove unit from queue | 15 | |
| Right click | 1012 | |
| Select / deselect | 421 | |
| Select group hotkey | 635 | |
| Use ability | 167 | |
2551 total
» units
| Peon | 5 | |
| Grunt | 11 | |
| Demolisher | 4 | |
| Tauren | 3 | |
| Shaman | 1 | |
| Troll Batrider | 10 | |
| Troll Headhunter/Berserker | 1 | |
35 total
» upgrades
| Pillage | 1 | |
| Berserker Strength | 1 | |
| Melee Weapons | 2 | |
| Armor | 2 | |
| Shaman Training | 2 | |
| Burning Oil | 1 | |
| Pulverize | 1 | |
| Witch Doctor Training | 2 | |
| Ranged Weapons | 0 | |
| Reinforced Defenses | 1 | |
| Berserker Upgrade | 1 | |
| Troll Regeneration | 0 | |
14 total
» buildings
| Altar of Storms | 1 | |
| Orc Burrow | 9 | |
| Barracks | 2 | |
| Voodoo Lounge | 1 | |
| Stronghold | 7 | |
| War Mill | 1 | |
| Fortress | 1 | |
| Spirit Lodge | 2 | |
| Tauren Totem | 2 | |
| Beastiary | 2 | |
| Watch Tower | 4 | |
32 total
» build order
00:07 Altar of Storms
00:21 Orc Burrow
00:40 Barracks
00:50 Orc Burrow
01:13 Barracks
01:15 Orc Burrow
01:25 Voodoo Lounge
02:11 Orc Burrow
03:31 Stronghold
03:32 Stronghold
03:32 Stronghold
04:42 Orc Burrow
04:43 War Mill
05:57 Fortress
05:59 Spirit Lodge
06:01 Orc Burrow
06:54 Orc Burrow
08:22 Tauren Totem
08:22 Tauren Totem
10:13 Orc Burrow
10:16 Orc Burrow
10:28 Spirit Lodge
11:42 Beastiary
11:43 Beastiary
16:04 Watch Tower
16:29 Watch Tower
17:36 Watch Tower
17:37 Watch Tower
» items
| Lesser Clarity Potion | 2 | |
| Scroll of Speed | 2 | |
| Healing Salve | 2 | |
| Potion of Healing | 1 | |
| Orb of Lightning | 1 | |
8 total
dudy- (
orange | 24 APM | 498 actions | 20:22)
1 Mountain King
1 Storm Bolt
» actions
| Build / train | 28 | |
| Enter build submenu | 13 | |
| Enter hero's abilities submenu | 1 | |
| Right click | 256 | |
| Select / deselect | 180 | |
| Use ability | 20 | |
498 total
» units
| Peasant | 10 | |
| Footman | 7 | |
| Rifleman | 5 | |
22 total
» upgrades
» buildings
| Barracks | 2 | |
| Altar of Kings | 1 | |
| Farm | 6 | |
| Lumber Mill | 1 | |
| Arcane Vault | 1 | |
| Blacksmith | 1 | |
| Keep | 1 | |
13 total
» build order
00:06 Barracks
00:09 Altar of Kings
00:15 Farm
01:17 Farm
02:13 Farm
02:40 Lumber Mill
03:01 Arcane Vault
03:20 Blacksmith
04:39 Farm
05:16 Keep
05:22 Farm
06:05 Farm
06:40 Barracks
» items
Master_of_Pupet (
pink | 41 APM | 574 actions | 14:02)
3 Demon Hunter
2 Evasion
1 Mana Burn
» actions
| Assign group hotkey | 10 | |
| Build / train | 42 | |
| Enter build submenu | 14 | |
| Enter hero's abilities submenu | 3 | |
| Remove unit from queue | 1 | |
| Right click | 193 | |
| Select / deselect | 118 | |
| Select group hotkey | 170 | |
| Use ability | 23 | |
574 total
» units
| Wisp | 15 | |
| Chimaera | 7 | |
| Hippogryph | 6 | |
28 total
» upgrades
| Strength of the Wild | 3 | |
| Reinforced Hides | 2 | |
| Corrosive Breath | 1 | |
6 total
» buildings
| Moon Well | 7 | |
| Altar of Elders | 1 | |
| Tree of Ages | 1 | |
| Hunter's Hall | 1 | |
| Tree of Eternity | 1 | |
| Ancient of Wind | 2 | |
| Chimaera Roost | 3 | |
16 total
» build order
00:24 Moon Well
00:35 Altar of Elders
02:15 Tree of Ages
02:21 Hunter's Hall
02:45 Moon Well
03:17 Moon Well
03:45 Moon Well
04:37 Tree of Eternity
04:42 Ancient of Wind
05:14 Moon Well
06:14 Moon Well
07:06 Chimaera Roost
07:31 Chimaera Roost
08:07 Chimaera Roost
10:23 Moon Well
12:57 Ancient of Wind
» items
Chat log
(00:20 / Allies) ITry.Just.Go]RT: 100 gold?
(00:29 / Allies) ITry.Just.Go]RT: from ?
(00:31 / All) ITry.Just.Go]RT: hi all
(00:33 / Allies) Octave-: me
(00:35 / All) IEAISapientisat: gg leave is thx
(00:35 / Allies) bOuDiNaGe: knights sb
(00:43 / Allies) Octave-: chim
(00:52 / Allies) Th0rr: m2
(00:55 / All) ITry.Just.Go]RT: from ?
(00:58 / Allies) Octave-: fr
(00:59 / Allies) Th0rr: pl
(01:07 / All) IEAISapientisat: Ger
(01:10 / All) IEAISapientisat: mTw-Warsong here
(01:24 / All) ITry.Just.Go]RT: and ?
(01:30 / All) IEAISapientisat: u are freewin
(01:34 / All) ITry.Just.Go]RT: :(
(01:34 / All) bOuDiNaGe: ./care
(01:42 / Allies) Octave-: go rush
(01:47 / Allies) ITry.Just.Go]RT: harras hum
(01:50 / Allies) Octave-: y
(01:51 / Allies) ITry.Just.Go]RT: i give item
(02:01 / Allies) Octave-: meet
(02:47 / Allies) Octave-: gogo
(02:54 / Allies) Octave-: grunt
(02:55 / Allies) ITry.Just.Go]RT: grunt
(03:10 / Allies) ITry.Just.Go]RT: after m
(03:31 / Allies) ITry.Just.Go]RT: who need wood ?
(03:37 / Allies) Octave-: md
(03:44 / Allies) Octave-: ty
(03:59 / Allies) Octave-: omfg mass grybt
(04:05 / All) IEAISapientisat: Haha huso
(04:33 / All) Loupens: lal
(04:35 / All) IEAISapientisat: GOSUS
(04:40 / All) bOuDiNaGe: oh ty
(04:42 / All) bOuDiNaGe: :)
(04:43 / Allies) Octave-: mass rgrunt ^^
(04:47 / All) IEAISapientisat: dont beat me so hard
(04:50 / All) bOuDiNaGe: ok
(04:57 / All) IEAISapientisat: IMBA
(05:05 / All) Loupens: play hard or die?
(05:10 / Allies) ITry.Just.Go]RT: make tower
(05:14 / All) bOuDiNaGe: try getting laid ^^
(06:06 / All) Loupens: red i love U
(07:17 / Allies) Octave-: wood pls
(07:24 / Allies) Octave-: ty
(07:54 / Allies) bOuDiNaGe: no tp
(09:02 / Allies) Octave-: grunt wont make long time against chim
(09:21 / Allies) bOuDiNaGe: next base
(09:25 / Allies) bOuDiNaGe: come elves
(09:30 / Allies) Octave-: wood pls
(09:50 / Allies) Th0rr: b
(09:52 / Allies) ITry.Just.Go]RT: b
(09:58 / Allies) Th0rr: yellow make hipo ok ?
(10:07 / Allies) Octave-: k
(10:23 / Allies) bOuDiNaGe: wood for main plz
(10:45 / Allies) bOuDiNaGe: wood plz
(10:54 / Allies) bOuDiNaGe: ty
(12:01 / All) IEAISapientisat: hiPPOS
(12:30 / Allies) Octave-: go
(12:33 / Allies) Octave-: meet
(12:44 / Allies) bOuDiNaGe: ud take my gold mine if you want
(13:00 / Allies) Octave-: redf
(13:03 / Allies) Octave-: come
(13:18 / Allies) ITry.Just.Go]RT: vien
(13:26 / Allies) bOuDiNaGe: come
(13:39 / Allies) Octave-: main
(14:17 / Allies) bOuDiNaGe: come
(14:50 / Allies) ITry.Just.Go]RT: focus les hyppos
(14:52 / Allies) ITry.Just.Go]RT: d'abord
(15:01 / Allies) Octave-: tkt
(16:12 / Allies) bOuDiNaGe: unsummon?
(16:26 / Allies) bOuDiNaGe: use gold
(16:27 / Allies) bOuDiNaGe: 1k
(16:40 / Allies) Th0rr: and ?
(16:42 / Allies) bOuDiNaGe: th0r use your gold
(16:45 / Allies) bOuDiNaGe: its a waste
(16:50 / Allies) bOuDiNaGe: give to the other elf
(16:52 / Allies) Octave-: come all
(16:57 / Allies) Th0rr: then say you want and i give
(17:05 / Allies) Octave-: gogo
(17:15 / Allies) ITry.Just.Go]RT: green
(17:16 / Allies) ITry.Just.Go]RT: come
(17:25 / Allies) Octave-: go red
(17:51 / Allies) Octave-: GO
(18:36 / All) bOuDiNaGe: gg is leave thx
(18:42 / All) IEAISapientisat: 1vs1 ???
(18:50 / All) bOuDiNaGe: nah, dont waste my time with noobs
(18:56 / All) IEAISapientisat: haha freewin
(18:57 / All) IEAISapientisat: xD
(18:59 / All) IEAISapientisat: Scarredß
(19:09 / All) bOuDiNaGe: we raped you bitches
(19:12 / All) ITry.Just.Go]RT: u win
(19:17 / All) IEAISapientisat: hahah go 1vs1
(19:21 / All) IEAISapientisat: 4vs4 no skill
(19:23 / All) bOuDiNaGe: not vs noobs
(19:25 / All) bOuDiNaGe: LOL you lost 4v4
(19:30 / All) IEAISapientisat: scarred nap
(19:38 / All) bOuDiNaGe: if it requires no skill , how did you lose
(19:40 / All) bOuDiNaGe: ROFLFLFL
(19:48 / All) IEAISapientisat: 4vs4 is no skill
(19:49 / All) IEAISapientisat: Nap
(19:52 / All) IEAISapientisat: is luck in teammates
(19:53 / All) IEAISapientisat: freewin
(19:54 / All) bOuDiNaGe: Then how did you lose
(19:55 / All) ITry.Just.Go]RT: why ?
(19:56 / All) bOuDiNaGe: HAHAHA
(19:57 / All) dudy-: sapien
(19:57 / All) bOuDiNaGe: you suck
(20:00 / All) bOuDiNaGe: HAHAHAH
(20:02 / All) bOuDiNaGe: ROFL
(20:03 / All) dudy-: yo too
(20:05 / All) dudy-: lame
(20:05 / All) bOuDiNaGe: poes
(20:14 / All) dudy-: fuck me
(20:15 / All) ITry.Just.Go]RT: he have 6-4
(20:19 / All) dudy-: into me as